 Dungeon Crawl Stone Soup version 0.31.0-11-ge490571c62 (webtiles) character file.

Game seed: 3784151093697205809

25800 bearlyready the Bludgeoner (level 13, -1/133 HPs)
             Began as an Oni Gladiator on Jan 29, 2024.
             Was an Elder of Trog.
             Slain by a freezing wraith (6 damage)
             ... on level 14 of the Dungeon.
             The game lasted 00:25:19 (18361 turns).

bearlyready the Bludgeoner (Oni Gladiator)         Turns: 18361, Time: 00:25:20

Health: -1/133     AC: 12    Str: 25    XL:     13   Next: 21%
Magic:  0/13       EV: 11    Int:  9    God:    Trog [****..]
Gold:   354        SH:  0    Dex: 10    Spells: 12/12 levels left

rFire   . . .        V - +0 giant spiked club
rCold   . . .        (shield currently unavailable)
rNeg    . . .        J - +0 steam dragon scales
rPois   .            c - +0 hat
rElec   .            r - +0 cloak
rCorr   +            (gloves unavailable)
SInv    .            (boots unavailable)
Will    +....        z - amulet of guardian spirit
Stlth   +            y - ring of resist corrosion
HPRegen 0.42/turn    C - +4 ring of protection
MPRegen 0.13/turn

%: guardian spirit
@: about to teleport, studying Evocations
A: large, unfitting armour, horns 1, tough skin 1, double potion healing,
drunken brawling
a: Renounce Religion, Berserk, Trog's Hand, Brothers in Arms


You were on level 14 of the Dungeon.
You worshipped Trog.
Trog was greatly pleased with you.
You visited 2 branches of the dungeon, and saw 15 of its levels.

You collected 952 gold pieces.
You spent 598 gold pieces at shops.

Inventory:

Hand Weapons
 w - a +0 morningstar
 L - the +2 quarterstaff "Annuthre" {freeze, rElec rPois Will+ Dex-2}
   (You found it on level 13 of the Dungeon)

   Dex-2:     It affects your dexterity (-2).
   rElec:     It insulates you from electricity.
   rPois:     It protects you from poison Will+: It increases your willpower.
 V - a +0 giant spiked club (weapon)
Missiles
 e - 24 large rocks
 n - 2 datura-tipped darts
 q - 44 poisoned darts
 v - 8 boomerangs (quivered)
 A - 5 atropa-tipped darts
 I - 20 stones
Armour
 c - a +0 hat (worn)
 r - a +0 cloak (worn)
 J - +0 steam dragon scales (worn)
 P - a +0 kite shield
 R - the +0 robe of Tiont {rPois rC+}
   (You found it on level 8 of the Dungeon)

   rC+:       It protects you from cold.
   rPois:     It protects you from poison
Jewellery
 m - an amulet of magic regeneration
 y - a ring of resist corrosion (left hand)
 z - an amulet of guardian spirit (around neck)
 C - a +4 ring of protection (right hand)
 D - a ring of fire
 K - a +6 ring of dexterity
 O - a ring of see invisible
 W - the ring "Homiggal" {Fire Str-5 Int+6}
   (You found it on level 10 of the Dungeon)

   [ring of fire]

   Fire:      It enhances your fire magic.
   Str-5:     It affects your strength (-5).
   Int+6:     It affects your intelligence (+6).
   rF+:       It protects you from fire.
   rC-:       It makes you vulnerable to cold.
 Y - a ring of ice
Wands
 u - a wand of paralysis (7)
 x - a wand of flame (18)
 E - a wand of polymorph (5)
 F - a wand of iceblast (22)
 G - a wand of mindburst (8)
Scrolls
 b - 3 scrolls of enchant weapon
 d - 2 scrolls of butterflies {unknown}
 i - 5 scrolls of poison
 j - 3 scrolls of enchant armour
 l - 2 scrolls of immolation {unknown}
 s - a scroll of fear
 H - 2 scrolls of revelation
 N - 3 scrolls of teleportation
 X - 3 scrolls of fog
 Z - 4 scrolls of silence {unknown}
Potions
 a - a potion of haste
 f - 4 potions of attraction
 g - 4 potions of mutation
 k - 2 potions of lignification
 o - 3 potions of invisibility {unknown}
 p - a potion of brilliance {unknown}
 t - 8 potions of curing
 B - a potion of cancellation {unknown}
 M - 2 potions of ambrosia {unknown}
 Q - 2 potions of magic
 S - a potion of berserk rage {unknown}
 T - a potion of might {unknown}
 U - a potion of degeneration
Miscellaneous
 h - a condenser vane (inert)


   Skills:
 - Level 10.0 Fighting
 + Level 17.1 Maces & Flails
 - Level 4.3 Throwing
 + Level 4.5 Armour
 + Level 5.4 Dodging
 - Level 10.0 Evocations


You had 12 spell levels left.
You didn't know any spells.
Your spell library contained the following spells:

 Spells                   Type           Power      Damage    Failure   Level
 Apportation              Tloc           0%         N/A       38%         1
 Jinxbite                 Hex            0%         N/A       52%         2
 Tukima's Dance           Hex            0%         N/A       77%         3
 Dimensional Bullseye     Hex/Tloc       0%         N/A       99%         4
 Iskenderun's Mystic Bla  Conj/Tloc      0%         2d3       99%         4
 Alistair's Intoxication  Alch           0%         N/A       100%        5


Dungeon Overview and Level Annotations

Branches:
Dungeon (14/15)            Temple (1/1) D:4            Lair (0/5) D:11
    Orc (0/2) D:11
 Vaults: D:13-14

Altars:
Ashenzari
Cheibriados
Dithmenos
Elyvilon
Fedhas
Gozag
Hepliaklqana
Kikubaaqudgha
Makhleb
Nemelex Xobeh
Okawaru
Qazlal
Ru
Sif Muna
Trog
Uskayaw
Vehumet
Wu Jian
Xom
Yredelemnul
Zin
The Shining One

Shops:
D:1 :   D:6 =   D:7 (   D:9 ((!=   D:12 (   D:13 [?[

Annotations:
D:3 3 runed translucent doors, Shen's ghost, amateur BaFE
D:6 3 runed translucent doors, Biggs's ghost, novice OpSh
D:11 Snorg
D:14 2 transporters, Cown's ghost, journeyman TrHu


Innate Abilities, Weirdness & Mutations

You are too large for most types of armour.
You have a pair of small horns on your head.
You have tough skin. (AC +1)
You gain doubled healing and magic from potions.
Whenever you drink a healing potion, you attack all around you.


Message History

You pound the green ugly thing like an anvil!!!
You kill the green ugly thing!
Trog accepts your kill.
You barely miss the freezing wraith.
Your headbutt misses the freezing wraith.
A battlesphere comes into view.
A meliai simulacrum comes into view.
The freezing wraith hits you! The freezing wraith freezes you!
The freezing wraith closely misses you.
You thump the freezing wraith!
Your headbutt misses the freezing wraith.
The freezing wraith is moderately damaged.
The meliai simulacrum hits you but does no damage. x4
You hit the freezing wraith but do no damage.
The freezing wraith is moderately damaged.
The meliai simulacrum hits you. The meliai simulacrum freezes you!
The meliai simulacrum barely misses you.
The freezing wraith barely misses you. The freezing wraith closely misses you.
The meliai simulacrum hits you. The meliai simulacrum freezes you!
The meliai simulacrum hits you. The meliai simulacrum freezes you!
* * * LOW HITPOINT WARNING * * *
You closely miss the freezing wraith.
Your headbutt misses the freezing wraith.
The freezing wraith is moderately damaged.
The freezing wraith hits you.
* * * LOW HITPOINT WARNING * * *
The freezing wraith freezes you!!
* * * LOW HITPOINT WARNING * * *
The freezing wraith barely misses you.
The meliai simulacrum hits you but does no damage. x2
A vault guard comes into view. It is wielding a +0 war axe.
Clouds condense from the air!
The condenser dries out!
As you read the scroll of teleportation, it crumbles to dust.
You feel strangely unstable.
The meliai simulacrum is engulfed in a thunderstorm.
The freezing wraith hits you.
* * * LOW HITPOINT WARNING * * *
The freezing wraith freezes you!
* * * LOW HITPOINT WARNING * * *
The freezing wraith hits you!
You die...

#### ## #.#.# #.# #.#)#
##.#p#.# #.#Z#Q#
#################W#.#
...........[...#@#.#.#
#...###...####.##.#.#.# #...#
#...#≈##.#.#.#.#)#
#...##≈...≈#≈...########
#...#≈#≈.≈#..≈....#
#...≈#.#≈#...#≈...#
#..≈#...#...#≈....#
#.≈#...#...#≈#....# ....#
#≈#...#≈#.#≈##....##....######.


You could see a vault guard, a freezing wraith and a meliai simulacrum.

Vanquished Creatures
  A rakshasa (D:12)
  Fannar (D:10)
  An ogre mage (D:14)
  2 centaur warriors (D:13)
  A catoblepas (D:14)
  2 two-headed ogres
  A tengu warrior (D:12)
  A flayed ghost (D:14)
  Pikel (D:7)
  A deep elf pyromancer (D:13)
  5 ugly things
  7 cyclopes
  3 manticores
  3 gargoyles
  2 kobold demonologists
  2 unseen horrors (D:10)
  2 efreet
  A komodo dragon (D:13)
  3 trolls
  Grinder (D:3)
  A hornet (D:9)
  8 slime creatures
  A centaur simulacrum (D:12)
  A spriggan (shapeshifter) (D:13)
  A shadow (D:13)
  Eustachio (D:6)
  4 yaks (D:8)
  4 wraiths
  2 steam dragons
  6 vampire mosquitoes
  4 acid dragons
  3 water moccasins
  2 orc warriors
  An ice beast (D:8)
  2 laughing skulls (D:13)
  A sky beast (D:7)
  3 ogres
  6 centaurs
  A lemure (D:8)
  2 phantoms
  4 kobold brigands
  A bullfrog (D:7)
  A gnoll sergeant (D:8)
  A scorpion (D:5)
  16 wights
  16 killer bees
  4 electric eels
  A howler monkey (D:8)
  A bombardier beetle (D:5)
  7 orc priests
  A hound (D:5)
  3 jellies
  An iguana (D:5)
  2 sleepcaps
  Natasha (twice) (D:4)
  12 orc wizards
  7 adders
  7 gnolls
  A shadow imp (D:7)
  4 ufetubi
  3 dart slugs
  2 ribbon worms
  32 orcs
  5 bats
  7 endoplasms
  5 giant cockroaches
  8 goblins
  4 hobgoblins
  2 jackals (D:1)
  20 kobolds
  4 quokkas
  3 training dummies (D:7)
  5 ball pythons
  A frilled lizard (D:3)
  7 rats
295 creatures vanquished.

Notes
Turn   | Place    | Note
-------+----------+-------------------------------------------
     0 | D:1      | bearlyready the Oni Gladiator began the quest for the Orb.
     0 | D:1      | Reached XP level 1. HP: 22/22 MP: 1/1
   110 | D:1      | Reached XP level 2. HP: 18/29 MP: 2/2
   353 | D:1      | Found Naixirao's Book Shop.
   369 | D:1      | Reached skill level 4 in Maces & Flails
   442 | D:1      | Reached XP level 3. HP: 34/36 MP: 3/3
   760 | D:1      | Found a faded altar of an unknown god.
  1342 | D:2      | Reached XP level 4. HP: 44/44 MP: 4/4
  1665 | D:2      | Reached skill level 5 in Maces & Flails
  1789 | D:3      | Noticed Grinder
  1995 | D:3      | Paralysed by Grinder for 4 turns
  2000 | D:3      | Killed Grinder
  2001 | D:3      | Reached skill level 6 in Maces & Flails
  2001 | D:3      | Reached XP level 5. HP: 38/50 MP: 5/5
  2001 | D:3      | Reached XP level 6. HP: 45/59 MP: 6/6
  2193 | D:3      | Found a runed translucent gate.
  2193 | D:3      | Found a runed translucent gate.
  2193 | D:3      | Found a runed translucent gate.
  2194 | D:3      | Found an opulent altar of Gozag.
  2195 | D:3      | Noticed Shen's ghost (amateur BaFE)
  2284 | D:3      | Reached skill level 7 in Maces & Flails
  3318 | D:4      | Reached XP level 7. HP: 66/66 MP: 7/7
  3370 | D:4      | Noticed Natasha
  3379 | D:4      | Killed Natasha
  3418 | D:4      | Found a staircase to the Ecumenical Temple.
  3491 | Temple   | Entered the Ecumenical Temple
  3532 | Temple   | Became a worshipper of Trog the Wrathful
  3686 | D:4      | Noticed Natasha
  3695 | D:4      | Killed Natasha
  3696 | D:4      | Reached skill level 8 in Maces & Flails
  3923 | D:5      | Entered Level 5 of the Dungeon
  4471 | D:6      | Noticed Biggs's ghost (novice OpSh)
  4471 | D:6      | Noticed a kobold demonologist
  4477 | D:6      | Noticed a wraith
  4532 | D:6      | Found a runed translucent gate.
  4533 | D:6      | Found a runed translucent gate.
  4534 | D:6      | Found a runed translucent gate.
  4548 | D:6      | Noticed Eustachio
  4559 | D:6      | Killed Eustachio
  4560 | D:6      | Reached skill level 9 in Maces & Flails
  4560 | D:6      | Reached XP level 8. HP: 64/74 MP: 5/8
  4613 | D:6      | Found Leariw's Jewellery Shop.
  4650 | D:6      | Found a sacrificial altar of Ru.
  5012 | D:6      | Reached skill level 10 in Maces & Flails
  5946 | D:6      | Reached skill level 11 in Maces & Flails
  6388 | D:5      | Reached XP level 9. HP: 37/80 MP: 3/9
  7208 | D:7      | Reached skill level 12 in Maces & Flails
  7340 | D:7      | Found Unoraexo's Firing Range.
  7572 | D:7      | Reached * piety under Trog
  7898 | D:8      | Reached skill level 13 in Maces & Flails
  7982 | D:8      | Noticed Pikel
  7997 | D:7      | Killed Pikel
  8147 | D:8      | Found a hazy altar of Hepliaklqana.
  8150 | D:8      | Found a glowing golden altar of the Shining One.
  8151 | D:8      | Found a shadowy altar of Dithmenos.
  8197 | D:8      | Reached XP level 10. HP: 41/88 MP: 5/10
  8359 | D:8      | Reached skill level 14 in Maces & Flails
  8391 | D:8      | Identified the +0 robe of Tiont {rPois rC+}
  8827 | D:8      | Reached ** piety under Trog
  9027 | D:8      | Reached skill level 15 in Maces & Flails
  9041 | D:8      | Noticed a cyclops
  9058 | D:8      | Killed a cyclops
  9059 | D:8      | Reached skill level 1 in Evocations
  9247 | D:9      | Found Romnimil's Antique Weapon Boutique.
  9304 | D:9      | Noticed a kobold demonologist
  9327 | D:9      | Killed a kobold demonologist
  9389 | D:9      | Found an opulent altar of Gozag.
  9524 | D:9      | Found Letzugecs's Jewellery Boutique.
  9704 | D:9      | Paralysed by a hornet for 1 turns
  9707 | D:9      | Paralysed by a hornet for 2 turns
 10261 | D:9      | Found Quhapros's Distillery.
 10269 | D:9      | Bought a potion of mutation for 120 gold pieces
 10269 | D:9      | Bought a potion of degeneration for 15 gold pieces
 10269 | D:9      | Bought a potion of attraction for 45 gold pieces
 10269 | D:9      | Bought a potion of curing for 45 gold pieces
 10352 | D:9      | Noticed a two-headed ogre
 10362 | D:9      | Killed a two-headed ogre
 10363 | D:9      | Reached skill level 5 in Fighting
 10363 | D:9      | Reached XP level 11. HP: 77/104 MP: 7/11
 10523 | D:9      | Found Foviurra's Antique Weapon Shop.
 10578 | D:10     | Entered Level 10 of the Dungeon
 10694 | D:10     | Identified the ring "Homiggal" {Fire Str-5 Int+6}
 10836 | D:9      | Reached *** piety under Trog
 11439 | D:10     | Noticed Fannar
 11462 | D:10     | Killed Fannar
 11663 | D:11     | Reached skill level 5 in Evocations
 11972 | D:11     | Found a staircase to the Lair.
 12023 | D:11     | Found a staircase to the Orcish Mines.
 12056 | D:11     | Noticed Snorg
 12056 | D:11     | Noticed a two-headed ogre
 12200 | D:10     | Found a snail-covered altar of Cheibriados.
 12984 | D:12     | Noticed a manticore
 12993 | D:12     | Killed a manticore
 13053 | D:12     | Found Midip's Antique Weapon Emporium.
 13164 | D:12     | Noticed a green ugly thing
 13175 | D:12     | Killed a green ugly thing
 13677 | D:12     | Noticed a rakshasa
 13681 | D:12     | Reached skill level 16 in Maces & Flails
 13701 | D:12     | Killed a rakshasa
 13956 | D:12     | Noticed a tengu warrior
 13956 | D:12     | Noticed a cyclops
 13970 | D:12     | Killed a tengu warrior
 13971 | D:12     | Reached XP level 12. HP: 66/122 MP: 7/12
 14301 | D:12     | Found the +2 hat of the Bear Spirit {Spirit, Bear, *Rage
                  | Will++}
 14906 | D:13     | Reached **** piety under Trog
 15102 | D:13     | Noticed a centaur warrior
 15115 | D:13     | Reached skill level 10 in Fighting
 15121 | D:13     | Killed a centaur warrior
 15319 | D:13     | Found Bedghosu's Magic Scroll Shoppe.
 15328 | D:13     | Reached skill level 1 in Armour
 15365 | D:13     | Bought a scroll of enchant armour for 127 gold pieces
 15365 | D:13     | Bought a scroll of teleportation for 51 gold pieces
 15365 | D:13     | Bought a scroll of enchant armour for 127 gold pieces
 15365 | D:13     | Bought a scroll of fog for 68 gold pieces
 15383 | D:13     | Found Cash's Antique Armour Emporium.
 15947 | D:13     | Identified the +2 quarterstaff "Annuthre" {freeze, rElec
                  | rPois Will+ Dex-2}
 16167 | D:13     | Found Zuwe's Armour Shoppe.
 16475 | D:13     | Noticed a centaur warrior
 16590 | D:13     | Killed a centaur warrior
 17210 | D:14     | Noticed a catoblepas
 17232 | D:14     | Killed a catoblepas
 17233 | D:14     | Reached skill level 10 in Evocations
 17233 | D:14     | Reached XP level 13. HP: 60/133 MP: 5/13
 17480 | D:14     | Noticed Cown's ghost (journeyman TrHu)
 17488 | D:14     | Reached skill level 17 in Maces & Flails
 17488 | D:14     | Reached skill level 5 in Dodging
 17490 | D:14     | Found a transporter.
 17729 | D:14     | Found a transporter.
 17980 | D:14     | Noticed an ice dragon
 18359 | D:14     | Noticed a vault guard
 18361 | D:14     | HP: 5/133 [freezing wraith (8)]
 18361 | D:14     | Slain by a freezing wraith

Illustrated notes

Levels and vault maps discovered:
D:1:      dpeg_arrival_central, layout_loops_ring, serial_shops, shop,
          shapermc_ecumenical_altar_acropolis, minmay_misc_feat_roman
D:2:      layout_basic, minmay_tetromino_l4
D:3:      layout_loops_corners, ebering_ghost_gozag,
          chequers_serial_rivers_large_b, uniq_grinder
D:4:      layout_basic, minmay_temple_entry_trees, uniq_natasha
D:5:      layout_basic
D:6:      layout_loops_cross, nicolae_ru_sacrificial_ziggurat, serial_shops,
          kennysheep_mini, gammafunk_ghost_split, uniq_eustachio
D:7:      layout_basic, nicolae_shop_firing_range
D:8:      layout_loops_ring, minitemple, serial_rivers,
          chequers_serial_rivers_micro_a, chequers_serial_rivers_micro_b,
          chequers_serial_rivers_room_b, chequers_serial_rivers_marsh,
          grunt_decor_resistance, minmay_manual_mess, uniq_pikel
D:9:      layout_loops_ring, grunt_gozag_statues, serial_shops, shop, shop,
          nicolae_shop_crystal, nicolae_stop_n_shop_2,
          minmay_misc_feat_ornament, solitary_fountain
D:10:     layout_loops_corners, slow_altar_2, uniq_fannar
D:11:     layout_rooms, lair_entry_dummy, orc_0_dummy, serial_curves,
          eino_curves_04, eino_curves_01, uniq_snorg
D:12:     minmay_tri_box, layout_loops_ring, serial_shops,
          nicolae_shop_rolling_square, minmay_misc_feat_secret_circle,
          roderic_lattice_a
D:13:     layout_roguey, serial_shops, shop, nicolae_lakefront_shop, shop,
          serial_bayou_pond_b
D:14:     dragon1_lemuel, layout_small_grid, david_vaults_5,
          gammafunk_ghost_stat_death, nicolae_water_bricks
Temple:   eino_temple_scatter_basement

Skill      XL: |  1  2  3  4  5  6  7  8  9 10 11 12 13 |
---------------+----------------------------------------+-----
Maces & Flails | 4 6 7 9 11 13 15 16 17 | 17.1
Fighting       | 5 8 10 | 10.0
Evocations     | 3 7 10 | 10.0
Throwing       | 3 4 |  4.3
Armour         | 3 4 |  4.5
Dodging        | 4 5 |  5.4

Action                     |  1- 3 |  4- 6 |  7- 9 | 10-12 | 13-15 || total
---------------------------+-------+-------+-------+-------+-------++-------
  Melee: Flail             |    84 |    27 |       |       |       ||   111
         Headbutt          |    11 |    14 |    64 |   135 |    14 ||   238
         Morningstar       |       |    74 |   358 |   683 |       ||  1115
         Punch             |       |       |     6 |     7 |       ||    13
         Giant spiked club |       |       |       |       |    36 ||    36
         Quarterstaff      |       |       |       |       |     9 ||     9
  Throw: Dart              |       |     4 |       |     1 |       ||     5
         Throwing net      |       |     1 |    11 |     1 |       ||    13
         Boomerang         |       |       |       |     2 |       ||     2
 Invoke: Berserk           |       |       |       |     2 |       ||     2
  Evoke: Wand              |       |       |     2 |    20 |     6 ||    28
         Condenser vane    |       |       |       |     1 |     1 ||     2
    Use: Scroll            |       |       |       |    12 |     4 ||    16
         Potion            |       |       |       |       |     1 ||     1
   Stab: Sleeping          |     1 |     1 |       |     1 |       ||     3
         Held in net/web   |       |       |     4 |     2 |       ||     6
         Paralysed         |       |       |       |     4 |       ||     4
 Armour: Robe              |    58 |    60 |   142 |       |       ||   260
         Steam dragon scal |       |       |   131 |   533 |    57 ||   721
  Dodge: Dodged            |    47 |    55 |   164 |   301 |    26 ||   593
